Map: 세룰리안 폴 - 래더

Players

Solar - Winner!

  • Race: Zerg Zerg
  • League: Master
  • Spawn Location: 1:00

Zest

  • Race: Protoss Protoss
  • League: Master
  • Spawn Location: 7:00

Event: IEM Season 13 - Katowice Server Qualifiers Asia 1

VOD

Have the link to the VOD?

Description

Time

  • Played on: Jan. 14, 2019, 4:44 a.m.
  • Length: 11:10

All games in this series

Show
View Real Time Build Order
Export as new Build Order

Solar Zerg - Winner!

Build Orders: Hatch First, Lurkers 

Get SALT Encoding   

  12  0:02  Drone  
  13  0:12  Overlord  
  13  0:17  Drone  
  14  0:31  Drone  
  15  0:45  Hatchery  
  15  0:48  Drone  
  15  0:53  Drone  
  15  0:56  Drone  
  17  1:01  Drone  
  18  1:10  Extractor  
  17  1:20  Spawning Pool, Drone  
  17  1:23  Drone  
  18  1:33  Drone  
  19  1:44  Drone  
  20  1:52  Hatchery  
  19  1:57  Drone  
  20  2:05  Drone  
  21  2:09  Queen  
  23  2:17  Metabolic Boost  
  23  2:21  Drone  
  24  2:24  Drone  
  24  2:28  Overlord  
  25  2:30  Zergling x2  
  26  2:38  Queen  
  26  2:42  Extractor, Zergling x2  
  29  2:47  Drone x2  
  31  2:53  Queen  
  31  2:56  Drone  
  34  3:03  Drone  
  34  3:05  Queen  
  35  3:10  Overlord  
  35  3:12  Drone  
  38  3:14  Drone  
  38  3:18  Drone x2  
  41  3:21  Drone  
  41  3:25  Overlord  
  42  3:29  Drone x2  
  42  3:32  Drone  
  42  3:33  Drone  
  46  3:36  Overlord  
  46  3:42  Spore Crawler  
  46  3:43  Overlord  
  46  3:47  Drone x2  
  47  3:52  Spore Crawler, Drone x2  
  48  3:56  Drone x2  
  48  4:00  Queen  
  52  4:04  Drone x2  
  52  4:07  Drone x2  
  52  4:09  Overlord  
  56  4:16  Drone x3  
  57  4:20  Drone x2  
  57  4:23  Drone  
  57  4:24  Drone  
  59  4:25  Drone  
  60  4:31  Drone x2  
  60  4:32  Drone x2  
  60  4:34  Drone  
  65  4:39  Lair  
  65  4:41  Overlord  
  65  4:42  Extractor  
  65  4:43  Extractor  
  65  4:44  Zergling x4  
  65  4:49  Roach Warren, Zergling x2  
  65  4:52  Zergling x4  
  67  4:54  Zergling x2  
  67  4:55  Zergling x2  
  67  4:56  Zergling x2  
  67  4:59  Drone x2  
  71  5:00  Extractor, Drone  
  71  5:02  Overlord  
  71  5:04  Overlord  
  71  5:07  Drone  
  71  5:08  Drone  
  71  5:10  Drone x3  
  71  5:12  Drone  
  77  5:15  Drone x2  
  77  5:17  Overlord  
  78  5:29  Drone  
  78  5:30  Drone x2  
  78  5:31  Extractor  
  78  5:35  Overlord, Spore Crawler  
  78  5:36  Evolution Chamber  
  77  5:45  Overseer  
  77  5:48  Drone  
  75  5:50  Drone  
  75  5:53  Zergling x6  
  79  5:59  Spire, Drone x3  
  79  6:01  Extractor, Drone x3  
  83  6:07  Spore Crawler  
  83  6:08  Drone x2  
  83  6:09  Spore Crawler, Drone  
  84  6:13  Drone  
  84  6:14  Drone  
  84  6:16  Spore Crawler, Drone x3  
  84  6:17  Drone x2  
  88  6:19  Drone x2  
  88  6:22  Overlord  
  89  6:28  Overlord  
  88  6:33  Drone x5  
  88  6:34  Overlord  
  88  6:37  Drone  
  89  6:44  Overlord  
  89  6:46  Overlord  
  89  6:47  Overlord  
  89  6:49  Hydralisk Den  
  89  6:50  Hatchery  
  89  6:51  Drone  
  85  6:55  Drone x2  
  85  7:04  Drone x2  
  87  7:11  Glial Reconstitution  
  87  7:12  Corruptor  
  87  7:13  Corruptor x8  
  102  7:17  Drone x3  
  102  7:21  Zerg Missile Weapons Level 1  
  102  7:22  Grooved Spines  
  103  7:36  Drone x5  
  103  7:37  Drone x4  
  110  7:46  Drone  
  110  7:47  Drone  
  110  7:50  Hydralisk x2  
  110  7:51  Hydralisk x5  
  116  7:56  Extractor  
  116  7:57  Lurker Den  
  116  7:58  Hydralisk  
  124  7:59  Extractor  
  124  8:02  Hydralisk x2  
  124  8:04  Overlord  
  129  8:06  Hydralisk  
  127  8:12  Overlord  
  127  8:13  Hydralisk x2  
  127  8:16  Overlord  
  128  8:20  Drone  
  128  8:21  Hydralisk x3  
  128  8:24  Overlord  
  135  8:28  Hydralisk x2  
  135  8:31  Hydralisk  
  135  8:32  Roach  
  135  8:33  Hydralisk  
  143  8:36  Hydralisk  
  145  8:43  Zergling x12  
  153  8:49  Drone x3  
  153  8:51  Drone x3  
  153  8:53  Overlord  
  159  8:57  Overlord  
  159  8:59  Overlord  
  159  9:00  Overlord  
  159  9:01  Overlord  
  159  9:03  Muscular Augments  
  159  9:04  Overseer  
  159  9:07  Overlord  
  159  9:08  Overlord  
  159  9:12  Zergling x4  
  159  9:13  Zergling x4  
  161  9:18  Hydralisk  
  161  9:19  Hydralisk  
  161  9:22  Hydralisk  
  161  9:24  Hydralisk x2  
  167  9:26  Hatchery  
  170  9:33  Lurker  
  170  9:34  Lurker x7  
  170  9:35  Lurker  
  179  9:43  Hydralisk x2  
  179  9:44  Zergling x14  
  188  9:48  Pneumatized Carapace  
  188  9:54  Hydralisk  
  188  9:55  Zergling x10  
  188  9:57  Zergling x2  
  188  9:58  Zergling x4  
  191  10:07  Roach x5  
  175  10:15  Roach  
  175  10:16  Roach x5  
  175  10:17  Hydralisk x2  
  175  10:18  Hydralisk  
  174  10:21  Hydralisk  
  174  10:24  Hydralisk x2  
  173  10:29  Hydralisk x2  
  173  10:31  Zergling x6  
  173  10:33  Lurker x2  
  182  10:40  Lurker  
  182  10:41  Zergling x6  
  184  10:45  Zergling x4  
  184  10:49  Roach x3  
Show
View Real Time Build Order
Export as new Build Order

Zest Protoss 

Build Orders: 1 Gate Expand, Oracle Opening, Phoenix Opening, Chargelot Immortal, Mass Phoenix 

Get SALT Encoding   

  12  0:00  Probe  
  13  0:12  Probe  
  14  0:20  Pylon  
  14  0:24  Probe  
  15  0:35  Probe  
  15  0:38  Gateway  
  16  0:43  Probe  
  16  0:48  Assimilator  
  17  0:53  Probe  
  18  1:05  Probe  
  19  1:17  Probe  
  20  1:25  Nexus  
  20  1:35  Cybernetics Core  
  20  1:38  Probe  
  21  1:45  Assimilator  
  21  1:50  Probe  
  21  1:54  Pylon  
  22  2:02  Probe  
  22  2:03  Adept  
  25  2:16  Stargate  
  25  2:17  Probe  
  25  2:25  Warp Gate  
  25  2:29  Probe, Adept  
  26  2:34  Probe  
  28  2:41  Probe  
  28  2:43  Probe  
  31  2:52  Probe, Phoenix  
  31  2:53  Probe  
  33  3:04  Probe, Adept  
  37  3:05  Probe  
  37  3:09  Oracle  
  37  3:16  Probe  
  37  3:17  Probe  
  39  3:23  Pylon  
  42  3:28  Probe  
  42  3:29  Probe, Assimilator  
  42  3:32  Assimilator  
  44  3:40  Probe  
  45  3:42  Probe  
  46  3:48  Stargate  
  46  3:52  Gateway, Probe  
  46  3:54  Probe  
  48  4:02  Phoenix  
  50  4:04  Probe  
  50  4:06  Probe, Pylon  
  52  4:16  Probe  
  53  4:18  Probe  
  54  4:28  Probe  
  54  4:29  Phoenix  
  54  4:30  Probe  
  58  4:31  Phoenix  
  58  4:34  Pylon  
  60  4:38  Pylon  
  60  4:46  Phoenix  
  60  4:48  Phoenix  
  60  4:58  Zealot x2  
  68  5:07  Phoenix  
  68  5:08  Phoenix  
  72  5:16  Pylon  
  72  5:20  Zealot x2  
  76  5:25  Phoenix  
  47  5:28  Phoenix  
  76  5:32  Pylon  
  80  5:39  Nexus  
  80  5:44  Pylon  
  80  5:52  Probe x2  
  80  5:54  Shield Battery  
  82  5:59  Robotics Facility  
  82  6:01  Sentry  
  82  6:02  Robotics Facility  
  82  6:03  Sentry  
  86  6:06  Probe x2  
  88  6:18  Probe  
  87  6:23  Probe  
  88  6:25  Zealot  
  88  6:26  Zealot  
  88  6:30  Probe  
  93  6:35  Probe  
  94  6:42  Probe  
  95  6:47  Probe  
  96  6:54  Probe  
  96  6:55  Observer x2  
  96  6:58  Probe  
  96  7:00  Probe  
  100  7:02  Probe  
  100  7:05  Pylon  
  100  7:06  Probe, Assimilator  
  100  7:07  Twilight Council  
  102  7:08  Probe, Forge  
  102  7:11  Probe, Assimilator  
  102  7:14  Probe  
  105  7:17  Probe  
  105  7:18  Immortal x2  
  105  7:21  Probe, Pylon  
  115  7:26  Probe  
  115  7:29  Probe  
  118  7:33  Probe  
  118  7:35  Gateway  
  118  7:36  Void Ray  
  119  7:37  Gateway x2  
  119  7:38  Probe, Gateway  
  126  7:55  Charge, Protoss Ground Weapons Level 1  
  126  7:59  Void Ray, Templar Archives  
  124  8:23  Stalker x2  
  126  8:30  Stalker  
  126  8:31  Psionic Storm  
  128  8:34  Stalker x2  
  132  8:44  Pylon  
  132  8:45  Pylon  
  132  8:46  Pylon  
  132  8:47  Pylon  
  132  8:52  Immortal  
  132  8:59  Pylon  
  132  9:02  Immortal  
  140  9:03  Gateway  
  140  9:05  Gateway, High Templar x5  
  150  9:11  Photon Cannon  
  150  9:15  Pylon  
  150  9:17  Photon Cannon, Pylon  
  150  9:21  Photon Cannon  
  150  9:30  High Templar  
  150  9:34  Warp Prism  
  150  9:37  Nexus  
  150  9:42  Pylon  
  150  9:43  Pylon  
  150  9:45  Immortal  
  156  9:50  High Templar x2, Zealot x3  
  166  9:55  Pylon  
  166  9:56  Pylon  
  166  9:57  Archon  
  130  10:15  Archon x2  
  114  10:21  Zealot x6  
  114  10:23  Observer x2, Zealot x2  
  118  10:36  Probe x2  
  120  10:43  High Templar x4  
  120  10:47  Zealot x4  
  130  10:52  Archon x2  

Tags
 
Add a new tag
Caveats
  • Supply blocks, unpowered buildings, or Contaminate may cause inaccurate times.
  • Supply counts are checked every 10 seconds.